 Dungeon Crawl Stone Soup version 0.31-a0-771-g505c3d19dc (webtiles) character file.

Game seed: 14796727759716655555

41019 iamoutofideas the Executioner (level 14, -4/126 HPs)
             Began as a Hill Orc Berserker on Sept 17, 2023.
             Was a High Priest of Trog.
             Slain by a skyshark (23 damage)
             ... on level 5 of the Lair of Beasts.
             The game lasted 00:22:27 (17269 turns).

iamoutofideas the Executioner (Hill Orc Berserker) Turns: 17269, Time: 00:22:27

Health: -4/126     AC: 27    Str: 28    XL:     14   Next: 13%
Magic:  14/14      EV: 11    Int:  9    God:    Trog [*****.]
Gold:   736        SH:  0    Dex: 10    Spells: 13/13 levels left

rFire   . . .        y - +1 war axe
rCold   . . .        (no shield)
rNeg    . . .        q - +6 chain mail "Meshur" {rPois Regen+ Str+3 Stlth+}
rPois   +            u - +2 helmet
rElec   .            o - +0 cloak
rCorr   +            (no gloves)
SInv    .            (no boots)
Will    +....        J - amulet of the acrobat Stlth
                     S - ring of protection from fire
HPRegen 1.21/turn    k - ring of Music {+Blink rF- rCorr AC+4 Int+2 Stlth+}
MPRegen 0.14/turn

%: acrobat
@: lethally poisoned (-4 -> -4), marked, on berserk cooldown, slowed, very slow
A: no striking features
a: Renounce Religion, Evoke Blink, Berserk, Trog's Hand, Brothers in Arms


You were on level 5 of the Lair of Beasts.
You worshipped Trog.
Trog was extremely pleased with you.
You visited 2 branches of the dungeon, and saw 17 of its levels.

You collected 1289 gold pieces.
You spent 553 gold pieces at shops.

Inventory:

Hand Weapons
 w - a +2 heavy war axe
 y - a +1 war axe (weapon)
 H - a +3 scimitar of flaming
 W - a +0 executioner's axe
Missiles
 x - 2 curare-tipped darts
 U - 4 throwing nets
Armour
 o - a +0 cloak (worn)
 q - the +6 chain mail "Meshur" (worn) {rPois Regen+ Str+3 Stlth+}
   (You took it off an orc priest on level 7 of the Dungeon)

   Str+3:     It affects your strength (+3).
   rPois:     It protects you from poison Regen+: It increases your rate of
   health regeneration.
   Stlth+:    It makes you more stealthy.
 s - a +3 scale mail of willpower
 u - a +2 helmet (worn)
 z - a +1 scale mail of fire resistance
Jewellery
 j - a +4 ring of protection
 k - the ring of Music (right hand) {+Blink rF- rCorr AC+4 Int+2 Stlth+}
   (You took it off an orc wizard on level 7 of the Dungeon)

   [ring of protection]

   AC+4:      It affects your AC (+4).
   Int+2:     It affects your intelligence (+2).
   rF-:       It makes you vulnerable to fire.
   +Blink:    It lets you blink.
   rCorr:     It protects you from acid and corrosion.
   Stlth+:    It makes you more stealthy.
 p - a ring of resist corrosion
 J - an amulet of the acrobat (around neck)
 K - a ring of protection from cold
 N - the amulet of the Tempest {Faith Harm rF+}
   (You bought it in a shop on level 9 of the Dungeon)

   [amulet of faith]

   Faith:     It allows you to gain divine favour quickly.
   rF+:       It protects you from fire.
   Harm:      It increases damage dealt and taken.
 S - a ring of protection from fire (left hand)
 X - a ring of protection from fire
Talismans
 v - a serpent talisman
Wands
 b - a wand of flame (3)
 G - a wand of light (22)
 I - a wand of paralysis (20)
 L - a wand of iceblast (11)
 V - a wand of mindburst (6)
Scrolls
 d - 2 scrolls of fear
 i - 2 scrolls of identify
 l - a scroll of poison
 m - a scroll of vulnerability {unknown}
 r - 2 scrolls of immolation
 t - 3 scrolls of fog
 A - 4 scrolls of amnesia
 B - 3 scrolls of revelation
 C - 4 scrolls of blinking {unknown}
 D - 9 scrolls of teleportation
 F - 3 scrolls of silence
 M - 2 scrolls of brand weapon {unknown}
 P - a scroll of enchant weapon
 R - a scroll of butterflies {unknown}
 Z - a scroll of torment {unknown}
Potions
 a - 2 potions of curing
 c - 2 potions of mutation
 e - 4 potions of heal wounds
 f - 2 potions of berserk rage
 g - 2 potions of attraction
 h - 2 potions of enlightenment
 n - 2 potions of brilliance
 E - 2 potions of resistance
 O - a potion of magic
 Q - 3 potions of might
 T - 2 potions of haste {unknown}
 Y - a potion of ambrosia


   Skills:
 - Level 12.1 Fighting
 - Level 1.9 Long Blades
 + Level 21.8 Axes
 - Level 11.1 Armour
 - Level 6.3 Dodging
 - Level 6.8 Shields
 - Level 1.2 Evocations
 - Level 1.4 Shapeshifting


You had 13 spell levels left.
You didn't know any spells.
Your spell library contained the following spells:

 Spells                   Type           Power      Damage    Failure   Level
 Foxfire                  Conj/Fire      0%         2x1d4     80%         1
 Kiss of Death            Conj/Necr      0%         2d5       80%         1
 Magic Dart               Conj           0%         1d3       80%         1
 Slow                     Hex            0%         N/A       80%         1
 Call Imp                 Summ           0%         N/A       91%         2
 Cigotuvi's Dreadful Rot  Necr/Pois/Air  0%         N/A       91%         2
 Ensorcelled Hibernation  Hex/Ice        0%         N/A       91%         2
 Passwall                 Tmut/Erth      0%         N/A       91%         2
 Confusing Touch          Hex            0%         N/A       99%         3
 Gell's Gravitas          Tloc           0%         N/A       99%         3
 Inner Flame              Hex/Fire       0%         N/A       99%         3
 Mephitic Cloud           Conj/Pois/Air  0%         N/A       99%         3
 Sigil of Binding         Hex            0%         N/A       99%         3
 Swiftness                Air            0%         N/A       99%         3
 Teleport Other           Tloc           0%         N/A       99%         3
 Vampiric Draining        Necr           0%         2d6       99%         3
 Animate Dead             Necr           0%         N/A       100%        4
 Dispel Undead            Necr           0%         3d6       100%        4
 Fulminant Prism          Conj/Hex       0%         3d5       100%        4
 Passage of Golubria      Tloc           0%         N/A       100%        4
 Alistair's Intoxication  Tmut/Pois      0%         N/A       100%        5
 Borgnjor's Vile Clutch   Necr/Erth      0%         N/A       100%        5
 Silence                  Hex/Air        0%         N/A       100%        5
 Yara's Violent Unravell  Hex/Tmut       0%         3d3       100%        5
 Conjure Ball Lightning   Conj/Air       0%         3x3d6     100%        6
 Death Channel            Necr           0%         N/A       100%        6
 Dispersal                Tloc           0%         N/A       100%        6
 Enfeeble                 Hex            0%         N/A       100%        7
 Haunt                    Necr/Summ      0%         N/A       100%        7
 Infestation              Necr           0%         N/A       100%        8
 Lehudib's Crystal Spear  Conj/Erth      0%         10d2      100%        8


Dungeon Overview and Level Annotations

Branches:
Dungeon (12/15)            Temple (0/1) D:4            Lair (5/5) D:9
 Shoals (0/4) Lair:2        Snake (0/4) Lair:3          Orc (0/2) D:11
  Slime: Lair:4-5

Altars:
Elyvilon
Gozag
Qazlal
Wu Jian
The Shining One

Shops:
D:1 (:*(   D:2 (   D:3 ?   D:4 :   D:7 :   D:9 *   D:10 =?(   D:11 *


Message History

You kill the black mamba!
Trog accepts your kill.
You feel sick.
The wyvern hisses menacingly.
The skyshark bites you!
The skyshark tail-slaps you but does no damage. x2
The wyvern bites you but does no damage.
A cane toad comes into view.
You feel sick. The skyshark attacks as it pursues you!
The skyshark barely misses you.
The skyshark tail-slaps you but does no damage. x2
You hit the skyshark.
The skyshark is severely wounded.
You slice the polar bear!!
You feel sick. The skyshark misses you. x2
The skyshark tail-slaps you but does no damage.
You slash the skyshark!
The skyshark is almost dead.
You hit the polar bear but do no damage.
You feel sick.
The skyshark bites you but does no damage.
The skyshark tail-slaps you but does no damage. x2
The polar bear bites you but does no damage.
The polar bear barely misses you. The polar bear misses you.
Unknown command.
You completely miss the skyshark.
The skyshark is almost dead.
You slash the polar bear!
You are no longer berserk.
You are exhausted.
You feel yourself slow down.
You feel sick. The skyshark bites you!
* * * LOW HITPOINT WARNING * * *
The skyshark tail-slaps you but does no damage.
The skyshark tail-slaps you!
* * * LOW HITPOINT WARNING * * *
Unknown command.
As you read the scroll of fear, it crumbles to dust.
You assume a fearsome visage.
The wyvern looks frightened! x3
The polar bear looks frightened!
The cane toad looks frightened!
The skyshark is unaffected.
You feel sick. The skyshark bites you!!
You die...

#### ## ####### #.P#### .
.#..#####..#PP###....P#.#
#...#.....#..P..#........
................P....#...
.........P#..PP..#.....#
P.#.h...F...#.......#
#.#@#..........PP#.#
##l###......#..P.#
#†l###....##....## #l9#
#......#....## #ll9
###..........# .l..#
##....##..## ....#
#..#####.#. ..... ####
#... ....... ##..


You could see a skyshark (berserk), a polar bear (fleeing), a cane toad
(fleeing) and 3 wyverns.

Vanquished Creatures
  Gastronok (D:11)
  A slime creature (D:12)
  Erolcha (D:11)
  Harold (D:11)
  2 boulder beetles (D:7)
  Erica (D:8)
  A catoblepas (Lair:3)
  2 two-headed ogres
  A death yak (D:9)
  Urug (Lair:2)
  Sonja (Lair:3)
  Pikel (D:6)
  A lindwurm (Lair:4)
  3 cyclopes
  A manticore (D:7)
  4 elephants (Lair:2)
  4 black mambas
  A torpor snail (Lair:1)
  3 gargoyles
  6 cane toads
  A rime drake (Lair:1)
  4 komodo dragons
  6 trolls
  A polar bear (Lair:2)
  A hornet (D:9)
  Prince Ribbit (D:6)
  10 blink frogs
  3 dream sheep (Lair:1)
  A vampire (D:10)
  4 wraiths
  5 wyverns
  43 yaks
  2 shadows (D:12)
  3 steam dragons
  6 basilisks
  6 vampire mosquitoes (D:12)
  Edmund (D:4)
  12 water moccasins
  2 acid dragons
  3 hell hounds (Lair:5)
  Duvessa (D:6)
  8 orc warriors
  An ice beast (D:7)
  7 sky beasts
  2 ogres
  9 black bears
  3 wolves (Lair:2)
  6 centaurs
  A phantom (D:6)
  3 lemures (D:6)
  12 bullfrogs
  3 kobold brigands
  A gnoll sergeant (D:11)
  7 scorpions
  4 wights (D:6)
  13 killer bees
  Dowan (D:6)
  9 electric eels
  3 howler monkeys
  17 orc priests
  A hound (D:3)
  Terence (D:2)
  2 sleepcaps
  Natasha (thrice) (D:2)
  An iguana (D:6)
  15 orc wizards
  5 hell rats (Lair:3)
  5 gnolls
  Robin (D:4)
  9 adders
  A shadow imp (D:5)
  3 white imps
  2 ufetubi
  2 worms
  A dart slug (D:4)
  54 orcs
  11 endoplasms
  5 giant cockroaches
  22 goblins
  6 hobgoblins
  5 quokkas
  9 ball pythons
  6 bats
  3 frilled lizards (D:2)
  19 kobolds
  7 rats
462 creatures vanquished.

Vanquished Creatures (others)
  A blink frog (Lair:3)
1 creature vanquished.

Grand Total: 463 creatures vanquished

Notes
Turn   | Place    | Note
-------+----------+-------------------------------------------
     0 | D:1      | iamoutofideas the Hill Orc Berserker began the quest for
                  | the Orb.
     0 | D:1      | Reached XP level 1. HP: 19/19 MP: 1/1
   150 | D:1      | Found Qassutih's Book Emporium.
   274 | D:1      | Found Ciushir's Assorted Antiques.
   282 | D:1      | Bought a scroll labelled VOFENA QEOTIEL for 21 gold pieces
   402 | D:1      | Reached XP level 2. HP: 14/27 MP: 2/2
   637 | D:1      | Found Uzauskubi's Weapon Emporium.
   844 | D:1      | Found Baqunnai's Antique Weapon Boutique.
  1110 | D:2      | Reached XP level 3. HP: 29/33 MP: 3/3
  1143 | D:2      | Noticed Terence
  1153 | D:2      | Reached skill level 5 in Axes
  1153 | D:2      | Killed Terence
  1154 | D:2      | Reached XP level 4. HP: 18/40 MP: 4/4
  1349 | D:2      | Identified the +3 flail of Oxofojom {vamp, Fly MP+9 Dex+2}
  1483 | D:2      | Noticed Natasha
  1493 | D:2      | Killed Natasha
  1494 | D:2      | Reached skill level 6 in Axes
  1585 | D:2      | Noticed Natasha
  1593 | D:2      | Killed Natasha
  1594 | D:2      | Reached XP level 5. HP: 47/47 MP: 5/5
  1679 | D:2      | Noticed Natasha
  1688 | D:2      | Killed Natasha
  1723 | D:2      | Found Duirhas's Antique Weapon Shop.
  1910 | D:2      | Reached ** piety under Trog
  2000 | D:2      | Reached skill level 7 in Axes
  2262 | D:3      | Reached XP level 6. HP: 53/53 MP: 6/6
  2512 | D:3      | Found a faded altar of an unknown god.
  2625 | D:3      | Found Navo's Magic Scroll Shop.
  2715 | D:3      | Bought a scroll of teleportation for 39 gold pieces
  2715 | D:3      | Bought a scroll of teleportation for 39 gold pieces
  2715 | D:3      | Bought a scroll of immolation for 52 gold pieces
  2721 | D:3      | Found a white marble altar of Elyvilon.
  2896 | D:4      | Noticed Edmund
  2913 | D:4      | Killed Edmund
  2914 | D:4      | Reached skill level 8 in Axes
  2914 | D:4      | Reached XP level 7. HP: 60/60 MP: 7/7
  3005 | D:4      | Found Wusoan's Book Shoppe.
  3009 | D:4      | Noticed Robin
  3021 | D:4      | Killed Robin
  3093 | D:4      | Found a staircase to the Ecumenical Temple.
  3558 | D:5      | Entered Level 5 of the Dungeon
  3608 | D:5      | Reached skill level 9 in Axes
  4067 | D:5      | Reached skill level 5 in Fighting
  4074 | D:5      | Reached *** piety under Trog
  4191 | D:5      | Reached XP level 8. HP: 68/68 MP: 8/8
  4266 | D:5      | Reached skill level 10 in Axes
  4763 | D:6      | Reached skill level 11 in Axes
  4891 | D:6      | Reached skill level 5 in Armour
  4992 | D:6      | Reached skill level 12 in Axes
  4996 | D:6      | Reached XP level 9. HP: 75/75 MP: 9/9
  5408 | D:6      | Noticed Prince Ribbit
  5430 | D:6      | Killed Prince Ribbit
  5431 | D:6      | Reached skill level 13 in Axes
  5646 | D:6      | Noticed Dowan
  5648 | D:6      | Noticed Duvessa
  5654 | D:6      | Killed Dowan
  5666 | D:6      | Killed Duvessa
  5730 | D:6      | Noticed Pikel
  5758 | D:6      | Killed Pikel
  5759 | D:6      | Reached skill level 14 in Axes
  5966 | D:7      | Reached skill level 15 in Axes
  6067 | D:7      | Found Yfes's Book Emporium.
  6137 | D:7      | Found a glowing golden altar of the Shining One.
  6422 | D:7      | Reached XP level 10. HP: 68/83 MP: 10/10
  6662 | D:7      | Noticed a boulder beetle
  6664 | D:7      | Identified the +6 chain mail "Meshur" {rPois Regen+ Str+3
                  | Stlth+}
  6668 | D:7      | Reached skill level 16 in Axes
  6688 | D:7      | Killed a boulder beetle
  7190 | D:7      | Noticed a manticore
  7208 | D:7      | Killed a manticore
  7209 | D:7      | Reached skill level 17 in Axes
  7436 | D:7      | Noticed a cyclops
  7446 | D:7      | Noticed a boulder beetle
  7447 | D:7      | Killed a cyclops
  7495 | D:7      | Identified the +4 halberd "Pousoica" {flame, *Corrode
                  | +Blink rC+ SInv}
  7495 | D:7      | Identified the ring of Music {+Blink rF- rCorr AC+4 Int+2
                  | Stlth+}
  7509 | D:7      | Reached skill level 18 in Axes
  7564 | D:7      | Got a loosely-bound
  7669 | D:7      | Killed a boulder beetle
  7670 | D:7      | Reached skill level 1 in Long Blades
  7670 | D:7      | Reached skill level 5 in Dodging
  7670 | D:7      | Reached skill level 1 in Shapeshifting
  7670 | D:7      | Reached XP level 11. HP: 31/89 MP: 11/11
  8160 | D:8      | Reached skill level 1 in Shields
  8389 | D:8      | Noticed Erica
  8413 | D:8      | Killed Erica
  8842 | D:9      | Found a staircase to the Lair.
  8842 | D:9      | Noticed a death yak
  8876 | D:9      | Killed a death yak
  8993 | D:9      | Reached **** piety under Trog
  9098 | D:9      | Found Ytieni's Assorted Antiques.
  9111 | D:9      | Bought a sparkling crystal amulet for 85 gold pieces
  9111 | D:9      | Identified the amulet of the Tempest {Faith Harm rF+} (You
                  | bought it in a shop on level 9 of the Dungeon)
  9111 | D:9      | Bought a scroll labelled CAF JEEBI XEUGG for 17 gold pieces
  9111 | D:9      | Bought a scroll labelled YLOVVE VOCOBE for 17 gold pieces
  9111 | D:9      | Bought a scroll of identify for 34 gold pieces
  9291 | D:1      | Bought a purple potion for 18 gold pieces
  9291 | D:1      | Bought a scroll labelled YLOVVE VOCOBE for 21 gold pieces
  9291 | D:1      | Bought a scroll of identify for 42 gold pieces
  9291 | D:1      | Bought a scroll labelled AZILOURONY for 21 gold pieces
  9291 | D:1      | Bought a scroll labelled DEQIEV DIOFFUCLUE for 21 gold
                  | pieces
  9476 | D:9      | Found an opulent altar of Gozag.
  9481 | D:9      | Found an ornate altar of the Wu Jian Council.
  9483 | D:9      | Found a stormy altar of Qazlal.
  9484 | D:9      | Noticed a two-headed ogre
  9497 | D:9      | Killed a two-headed ogre
  9842 | D:10     | Entered Level 10 of the Dungeon
 10095 | D:10     | Found Letsuon's Magic Scroll Boutique.
 10095 | D:10     | Found Geepu's Weapon Boutique.
 10097 | D:10     | Found Vewoolesk's Jewellery Boutique.
 10103 | D:10     | Bought a scroll of teleportation for 42 gold pieces
 10103 | D:10     | Bought a scroll of teleportation for 42 gold pieces
 10103 | D:10     | Bought a scroll of teleportation for 42 gold pieces
 10263 | D:10     | Reached XP level 12. HP: 83/103 MP: 12/12
 10790 | D:11     | Noticed Harold
 10800 | D:11     | Killed Harold
 10807 | D:11     | Reached skill level 19 in Axes
 10810 | D:11     | Reached skill level 5 in Shields
 10858 | D:11     | Noticed Erolcha
 10860 | D:11     | Noticed Gastronok
 10867 | D:11     | Killed Erolcha
 10884 | D:11     | Killed Gastronok
 10997 | D:11     | Found Gonto Lode's Pet Rocks.
 11984 | D:11     | Found a staircase to the Orcish Mines.
 12294 | D:12     | Noticed a two-headed ogre
 12304 | D:12     | Killed a two-headed ogre
 12351 | D:12     | Reached skill level 10 in Fighting
 12476 | D:12     | Reached skill level 1 in Evocations
 12665 | D:12     | Reached ***** piety under Trog
 12704 | D:12     | Reached XP level 13. HP: 95/114 MP: 13/13
 13216 | Lair:1   | Entered Level 1 of the Lair of Beasts
 13256 | Lair:1   | Identified the +5 falchion "Demonslayer" {venom, Will+
                  | Str+3}
 13384 | Lair:1   | You fall into a shaft and drop 1 floor!
 13643 | Lair:1   | Reached skill level 10 in Armour
 14010 | Lair:1   | Reached skill level 20 in Axes
 14266 | Lair:2   | Noticed Urug
 14283 | Lair:2   | Killed Urug
 14614 | Lair:2   | Found a staircase to the Shoals.
 15156 | Lair:3   | Noticed Sonja
 15287 | Lair:3   | Killed Sonja
 15300 | Lair:3   | Found a staircase to the Snake Pit.
 15460 | Lair:3   | Received a gift from Trog
 16306 | Lair:4   | Found an ornate altar of the Wu Jian Council.
 17037 | Lair:5   | Entered Level 5 of the Lair of Beasts
 17044 | Lair:5   | Reached skill level 21 in Axes
 17054 | Lair:5   | Reached XP level 14. HP: 126/126 MP: 14/14
 17269 | Lair:5   | Slain by a skyshark

Illustrated notes

Levels and vault maps discovered:
D:1:      ncdulo_watergridlock, layout_basic, serial_shops,
          nicolae_shop_bloodbath_and_beyond, shop, nicolae_shop_hallway_plus,
          shop
D:2:      layout_basic, serial_shops, nicolae_shop_back_alley_shop,
          minmay_joined_circles, uniq_natasha, uniq_terence
D:3:      layout_basic, lemuel_crystal_altar,
          shapermc_ecumenical_altar_hornbeckon, serial_shops, shop
D:4:      layout_rooms, temple_pool_b, serial_aquarium, aquarium_bridge_square
          [aquarium_subvault_bridge, aquarium_subvault_wall,
          aquarium_subvault_bridge, aquarium_subvault_wall],
          aquarium_bridge_square [aquarium_subvault_window,
          aquarium_subvault_window, aquarium_subvault_bridge,
          aquarium_subvault_bridge], aquarium_window_fake, aquarium_window_fake,
          aquarium_view_2c, aquarium_view_2e, aquarium_pool_four, serial_shops,
          shop, uniq_edmund, uniq_robin
D:5:      layout_basic
D:6:      layout_gridville, uniq_prince_ribbit1, uniq_pikel, uniq_duvessa
D:7:      minmay_the_grid_octo_triangle [minmay_the_grid_octo_checkerflower,
          minmay_the_grid_octo_prize_star, minmay_the_grid_octo_fat_diamond],
          layout_loops_corners, nicolae_tso_swordbearing_angel, serial_shops,
          shop_fountains
D:8:      nicolae_cairo_tiling_large_dashed, layout_loops_ring,
          hangedman_decor_growths, uniq_erica
D:9:      layout_roguey, grunt_temple_overflow_open, david_lair_generic,
          serial_shops, nicolae_shop_window_shopping
D:10:     layout_irregular_city, serial_bayou, serial_bayou_pond_e,
          serial_bayou_pond_a, serial_bayou_crossing, serial_bayou_shore_a,
          hangedman_abyss_or_decor_stagger, nicolae_shop_distant_corner_stores
D:11:     layout_layer_cave, erik_orc_2, dk_noncrumbling_4, guppyfry_shop_earth,
          uniq_harold, uniq_erolcha, uniq_gastronok
D:12:     layout_roguey
Lair:1:   layout_regular_city, chequers_serial_rivers_marsh,
          chequers_serial_rivers_marsh
Lair:2:   layout_chaotic_city, elwin_shoals_entry_rooms, columned_hall_lemuel,
          uniq_urug
Lair:3:   layout_layer_cave, dummy_snake_entry, uniq_sonja
Lair:4:   layout_cave_shapes, basic_altar, lemuel_fruit_tree
Lair:5:   cheibrodos_lair_end_hotspot, layout_misc_corridors,
          dpeg_slime_entry_enclosed, basic_altar, minmay_stone_trees_medium

Skill      XL: |  1  2  3  4  5  6  7  8  9 10 11 12 13 |
---------------+----------------------------------------+-----
Fighting       | 4 5 6 8 10 12 | 12.1
Axes           | 5 6 7 8 9 12 15 18 19 21 | 21.8
Dodging        | 2 3 5 6 |  6.3
Armour         | 3 5 7 9 11 | 11.1
Long Blades    | 1 |  1.9
Shapeshifting  | 1 |  1.4
Shields        | 4 6 |  6.8
Evocations     | 1 |  1.2

Action                     |  1- 3 |  4- 6 |  7- 9 | 10-12 | 13-15 || total
---------------------------+-------+-------+-------+-------+-------++-------
  Melee: Hand axe          |    70 |   140 |   306 |       |       ||   516
         War axe           |       |       |    32 |   736 |   491 ||  1259
         Punch             |       |       |       |     9 |     7 ||    16
 Invoke: Berserk           |     3 |     7 |    15 |    17 |     7 ||    49
         Trog's Hand       |       |       |       |     5 |     2 ||     7
  Evoke: Wand              |       |       |       |     9 |     1 ||    10
    Use: Scroll            |     4 |       |     5 |    11 |     2 ||    22
         Potion            |       |       |       |     6 |     1 ||     7
   Stab: Distracted        |       |       |       |     2 |       ||     2
         Paralysed         |       |       |       |       |     1 ||     1
 Armour: Animal skin       |    50 |       |       |       |       ||    50
         Scale mail        |       |    95 |   209 |   172 |       ||   476
         Chain mail        |       |       |       |   449 |   499 ||   948
  Dodge: Dodged            |    36 |    70 |   126 |   404 |   330 ||   966

Table legend: (Time is in decaauts)
 A = Elapsed time spent in this place.
 B = Non-inter-level travel time spent in this place.
 C = Inter-level travel time spent in this place.
 D = Time resting spent in this place.
 E = Time spent auto-exploring this place.
 F = Levels seen in this place.
 G = Mean time per level.
                   A        B        C        D        E       F      G
               +--------+--------+--------+--------+--------+-----+--------+
         Total |  17372 |  16304 |   1068 |   2334 |  11012 |  17 | 1021.9 |
       Dungeon |  13397 |  12454 |    943 |   2151 |   8094 |  12 | 1116.4 |
          Lair |   3975 |   3850 |    125 |    182 |   2918 |   5 |  795.0 |
               +--------+--------+--------+--------+--------+-----+--------+

Top non-repeatable levels by time:
     D:7: 2141 daAuts
    D:11: 1372 daAuts
     D:6: 1343 daAuts
     D:2: 1182 daAuts
  Lair:3: 1177 daAuts
     D:5: 1140 daAuts
     D:1: 1100 daAuts
    D:12: 1014 daAuts
  Lair:4: 914 daAuts
    D:10: 913 daAuts
     D:3: 904 daAuts
  Lair:2: 903 daAuts
     D:8: 808 daAuts
  Lair:1: 772 daAuts
     D:9: 759 daAuts
